 Dungeon Crawl Stone Soup version 0.25-a0-1057-gcb8d101 (webtiles) character file.

Game seed: 7913066534386167516, levelgen mode: deterministic

7315 Faca the Fighter (level 10, -3/99 HPs)
             Began as a Yellow Draconian Berserker on May 13, 2020.
             Was a High Priest of Trog.
             Slain by a skeletal warrior
             ... wielding a +0 glaive
             ... led by a skeletal warrior
              (22 damage)
             ... on level 10 of the Dungeon.
             The game lasted 00:15:57 (7766 turns).

Faca the Fighter (Yellow Draconian Berserker)       Turns: 7766, Time: 00:15:57

Health: -3/99      AC: 12    Str: 24    XL:     10   Next: 90%
Magic:  10/10      EV: 14    Int:  7    God:    Trog [*****.]
Gold:   545        SH:  0    Dex: 10    Spells: 9/9 levels left

rFire    + + .     SeeInvis .   n - +4 morningstar
rCold    + . .     Gourm    .   (no shield)
rNeg     . . .     Faith    .   (armour unavailable)
rPois    .         Spirit   .   (helmet restricted)
rElec    .         Reflect  .   p - scarf {rC+ rF+}
rCorr    +         Harm     .   z - +0 pair of gloves
MR       .....                  (no boots)
Stlth    +.........             i - amulet of regeneration
HPRegen  0.66/turn              f - +4 ring of protection
MPRegen  0.12/turn              x - ring of protection from fire

@: no status effects
A: spit acid, unfitting armour, cold-blooded, acid resistance, AC +7
a: Breathe Acid, Berserk, Trog's Hand, Brothers in Arms, Renounce Religion


You were on level 10 of the Dungeon.
You worshipped Trog.
Trog was extremely pleased with you.
You were hungry.

You visited 1 branch of the dungeon, and saw 10 of its levels.
You also visited: Ossuary.

You collected 545 gold pieces.

Inventory:

Hand Weapons
 n - a +4 morningstar (weapon)
 A - a +1 eveningstar
Missiles
 e - 7 silver boomerangs (quivered)
 m - 10 boomerangs
Armour
 p - a scarf of resistance (worn)
 z - a +0 pair of gloves (worn)
Jewellery
 a - an uncursed amulet of magic regeneration {unknown}
 f - a +4 ring of protection (left hand)
 i - an amulet of regeneration (around neck)
 j - a cursed amulet of inaccuracy {unknown}
 k - an uncursed ring of positive energy
 x - a ring of protection from fire (right hand)
Wands
 o - a wand of polymorph (11)
 y - a wand of iceblast (15)
Scrolls
 c - a scroll of teleportation
 d - 7 scrolls of remove curse
 h - a scroll of magic mapping {unknown}
 v - 3 scrolls of enchant weapon
Potions
 g - 7 potions of curing
 l - 4 potions of might
 q - 4 potions of invisibility
 r - 2 potions of haste
 s - a potion of flight {unknown}
 t - a potion of lignification
 u - 4 potions of heal wounds {unknown}
 w - a potion of mutation {unknown}
Comestibles
 b - 9 rations


   Skills:
 + Level 12.4 Fighting
 + Level 11.5 Maces & Flails
 + Level 5.5 Dodging


You had 9 spell levels left.
You didn't know any spells.
Your spell library was empty.

Dungeon Overview and Level Annotations

Branches:
Dungeon (10/15)            Temple (0/1) D:6         Ossuary (visited)
   Lair: D:8-11         Orc: D:9-12

Altars:
Kikubaaqudgha


Innate Abilities, Weirdness & Mutations

You can spit globs of acid.
Your golden yellow scales are hard. (AC +7)
You cannot fit into any form of body armour.
You are cold-blooded and may be slowed by cold attacks.
You are resistant to acid. (rCorr)


Message History

A skeletal warrior comes into view. It is wielding a +0 scimitar.
Found a ration.
The skeletal warrior hits you with a +0 hand axe!!
The skeletal warrior misses you.
You hit the skeletal warrior but do no damage.
Your tail-slap misses the skeletal warrior.
The skeletal warrior hits you but does no damage.
You hit the skeletal warrior but do no damage.
The skeletal warrior misses you.
The skeletal warrior hits you with a +0 hand axe!
You hit the skeletal warrior but do no damage.
You barely miss the skeletal warrior.
Your tail-slap misses the skeletal warrior.
The skeletal warrior hits you with a +0 hand axe.
The skeletal warrior hits you with a +0 glaive!!
The skeletal warrior hits you with a +0 scimitar!!
* * * LOW HITPOINT WARNING * * *
You are too injured to fight recklessly!
The skeletal warrior hits you with a +0 glaive!!
You die...

#.........
#......%..
#.........
#......... #
####.........
..#............
...............
#...zzz...#
#....@###.# #.....#
#.#
#.....###.#########
#.................#
#....###.########.#
#.... #.# #.# #....
#.########.# #....
#.##.......# #####
#......########


You could see 3 skeletal warriors.

Vanquished Creatures
  A two-headed ogre (D:9)
  Maggie (D:7)
  A queen bee (D:9)
  2 trolls (D:9)
  A hippogriff (D:8)
  A wyvern (D:8)
  A wraith (D:10)
  An ice beast (D:9)
  2 orc warriors (D:6)
  A sky beast (D:9)
  A black bear (D:9)
  7 ogres
  3 phantoms
  2 centaurs (D:7)
  2 elf zombies (Ossuary)
  3 bullfrogs
  A wyvern zombie (D:9)
  3 scorpions
  22 killer bees (D:9)
  2 howler monkeys
  8 wights
  3 vampire bats (D:8)
  6 crimson imps
  A centaur zombie (D:8)
  A jelly (D:5)
  A quasit (D:9)
  3 bullfrog skeletons
  5 bullfrog zombies
  4 hounds
  Crazy Yiuf (D:2)
  4 orc priests
  3 centaur skeletons
  7 orc wizards
  3 iguanas
  8 worker ants
  A killer bee zombie (D:5)
  3 big kobold zombies (Ossuary)
  2 mummies (Ossuary)
  3 hound skeletons (D:5)
  A howler monkey zombie (D:8)
  2 worker ant zombies (D:5)
  13 adders
  A shadow imp (D:7)
  An ooze (D:3)
  An adder skeleton (D:5)
  5 adder zombies
  2 worms (D:2)
  9 leopard geckos
  30 orcs
  9 bats
  5 bat skeletons (D:8)
  A bat zombie (D:8)
  3 giant cockroaches
  8 goblins
  8 hobgoblins
  7 jackals
  4 quokkas
  3 ball pythons
  8 frilled lizards
  3 goblin zombies
  5 hobgoblin zombies (Ossuary)
  A jackal zombie (Ossuary)
  8 kobolds
  10 kobold zombies (Ossuary)
  13 orc zombies (Ossuary)
  2 quokka skeletons
  7 rats
295 creatures vanquished.

Vanquished Creatures (others)
  An orc wizard (D:3)
1 creature vanquished.

Grand Total: 296 creatures vanquished

Notes
Turn   | Place    | Note
-------+----------+-------------------------------------------
     0 | D:1      | Faca the Draconian Berserker began the quest for the Orb.
     0 | D:1      | Reached XP level 1. HP: 19/19 MP: 1/1
   244 | D:1      | Reached XP level 2. HP: 26/26 MP: 2/2
   579 | D:1      | Reached skill level 4 in Fighting
   747 | D:1      | Reached XP level 3. HP: 26/33 MP: 3/3
   995 | D:2      | Reached ** piety under Trog
  1498 | D:2      | Reached XP level 4. HP: 41/41 MP: 4/4
  1629 | D:2      | Found a runed translucent door.
  1631 | D:2      | Noticed Crazy Yiuf
  1638 | D:2      | Killed Crazy Yiuf
  2118 | D:3      | Reached skill level 5 in Fighting
  2118 | D:3      | Reached XP level 5. HP: 48/48 MP: 5/5
  2265 | D:3      | Reached skill level 5 in Maces & Flails
  2335 | D:3      | Reached *** piety under Trog
  2346 | D:3      | Reached XP level 6. HP: 57/57 MP: 6/6
  2733 | D:4      | Reached skill level 6 in Fighting
  3359 | D:5      | Entered Level 5 of the Dungeon
  3364 | D:5      | Your scales start taking on a golden yellow colour.
  3364 | D:5      | Reached XP level 7. HP: 62/64 MP: 7/7
  3364 | D:5      | Gained mutation: You are resistant to acid. (rCorr) [Yellow
                  | Draconian growth]
  3426 | D:5      | Reached skill level 7 in Fighting
  3539 | D:5      | Reached **** piety under Trog
  3707 | D:5      | Reached XP level 8. HP: 74/74 MP: 8/8
  3852 | D:6      | Reached skill level 8 in Fighting
  4153 | D:6      | You fall into a shaft and drop 3 floors!
  4226 | D:8      | Reached skill level 9 in Fighting
  4333 | D:8      | Reached XP level 9. HP: 70/85 MP: 9/9
  4383 | D:7      | Noticed Maggie
  4391 | D:7      | Killed Maggie
  4391 | D:7      | Reached skill level 10 in Fighting
  4409 | D:7      | Found a sand-covered staircase.
  4423 | Ossuary  | Entered an ossuary
  4492 | Ossuary  | Reached ***** piety under Trog
  5153 | D:6      | Reached skill level 10 in Maces & Flails
  5259 | D:6      | Found a staircase to the Ecumenical Temple.
  5350 | D:6      | Reached skill level 11 in Fighting
  6194 | D:8      | Reached XP level 10. HP: 84/96 MP: 10/10
  6518 | D:8      | Found an ancient bone altar of Kikubaaqudgha.
  6721 | D:9      | Noticed a two-headed ogre
  6730 | D:9      | Killed a two-headed ogre
  6734 | D:9      | Received a gift from Trog
  6836 | D:9      | Reached skill level 12 in Fighting
  7057 | D:9      | Reached skill level 5 in Dodging
  7638 | D:10     | Entered Level 10 of the Dungeon
  7758 | D:10     | Noticed a skeletal warrior
  7758 | D:10     | Noticed a skeletal warrior
  7760 | D:10     | Noticed a skeletal warrior
  7766 | D:10     | Slain by a skeletal warrior

Illustrated notes

Levels and vault maps discovered:
D:1:      psy_arrival_radial02, layout_rooms, chequers_serial_rivers_small_3
D:2:      layout_basic, moated_statue, uniq_crazy_yiuf_cottage
D:3:      layout_loops_ring
D:4:      layout_basic, first_ration
D:5:      layout_rooms, serial_undead, serial_undead_f, serial_undead_d,
          serial_undead_d, serial_undead_e, serial_undead_b, serial_undead_f,
          st_stairs_10
D:6:      layout_basic, temple_green, minmay_diced_spiral
D:7:      layout_loops_corners, enter_ossuary_4, uniq_maggie
D:8:      layout_rooms, kennysheep_vampire_church,
          chequers_serial_rivers_micro_d
D:9:      layout_cave_pools, david_nohive_1
D:10:     layout_basic, uniq_gastronok, uniq_erolcha

Skill      XL: |  1  2  3  4  5  6  7  8  9 10 |
---------------+-------------------------------+-----
Fighting       | 4 5 6 7 9 11 12 | 12.4
Maces & Flails | 4 5 6 7 8 10 11 | 11.5
Dodging        | 3 5 |  5.5

Action                   |  1- 3 |  4- 6 |  7- 9 | 10-12 || total
-------------------------+-------+-------+-------+-------++-------
Melee: Mace              |   142 |    66 |       |       ||   208
       Tailslap          |    12 |    19 |    53 |    17 ||   101
       Morningstar       |       |    55 |   374 |   227 ||   656
Invok: Berserk           |     1 |     1 |     1 |     2 ||     5
 Abil: Breathe Acid      |       |       |       |     1 ||     1
  Use: Scroll            |     5 |     2 |     5 |     4 ||    16
       Potion            |       |       |       |     2 ||     2
 Stab: Sleeping          |       |     1 |     1 |       ||     2
  Eat: Chunk             |     3 |     7 |    10 |     4 ||    24
       Ration            |       |       |       |     1 ||     1
Armor: Skin              |    46 |    42 |   187 |   164 ||   439
Dodge: Dodged            |   139 |    75 |   281 |   284 ||   779

Table legend:
 A = Non-vault XP
 B = Vault XP
 C = Vault XP percentage of total XP
 D = Non-vault monster count
 E = Vault monster count
 F = Vault count percentage of total count
                 A         B        C        D         E       F
            +---------+---------+-------+---------+---------+-------
      Total |    7769 |    2681 |  25.7 |     211 |      85 |  28.7
            +---------+---------+-------+---------+---------+-------
        D:1 |      44 |       0 |   0.0 |      27 |       0 |   0.0
        D:2 |      82 |      41 |  33.3 |      24 |       1 |   4.0
        D:3 |     298 |       0 |   0.0 |      27 |       0 |   0.0
        D:4 |     230 |       0 |   0.0 |       9 |       0 |   0.0
        D:5 |     384 |     348 |  47.5 |      21 |      13 |  38.2
        D:6 |    1160 |      92 |   7.3 |      25 |       4 |  13.8
        D:7 |     886 |     378 |  29.9 |      20 |       3 |  13.0
        D:8 |    1290 |     182 |  12.4 |      23 |       9 |  28.1
        D:9 |    3139 |    1295 |  29.2 |      31 |      17 |  35.4
       D:10 |     256 |       0 |   0.0 |       4 |       0 |   0.0
    Ossuary |       0 |     345 | 100.0 |       0 |      38 | 100.0
            +---------+---------+-------+---------+---------+-------
